Map: Romanticide LE

Players

Armani

  • Race: Zerg Zerg
  • League: Diamond
  • Spawn Location: 5:00

LiquidClem (Clem) - Winner!

  • Race: Terran Terran
  • Spawn Location: 11:00

Event: Cheeseadelphia Winter Championship 2021

VOD

Have the link to the VOD?

Description

Time

  • Played on: Jan. 24, 2021, 11:20 a.m.
  • Length: 12:44

All games in this series

Show
View Real Time Build Order
Export as new Build Order

Armani Zerg 

Build Orders: Hatch First 

Get SALT Encoding   

  12  0:00  Drone  
  13  0:12  Overlord  
  13  0:16  Drone  
  14  0:31  Drone x2  
  16  0:47  Hatchery  
  15  0:51  Drone  
  15  0:55  Drone  
  17  0:58  Drone  
  18  1:07  Extractor  
  17  1:13  Spawning Pool  
  17  1:17  Drone  
  17  1:20  Drone  
  18  1:28  Drone  
  19  1:42  Drone  
  20  1:50  Drone  
  21  1:59  Queen  
  21  2:00  Queen  
  27  2:01  Zergling x4  
  27  2:16  Hatchery  
  27  2:20  Overlord  
  26  2:23  Drone  
  27  2:31  Drone  
  27  2:39  Drone  
  28  2:45  Queen  
  28  2:47  Metabolic Boost  
  28  2:48  Drone x3  
  33  2:52  Zergling x2  
  33  2:57  Overlord  
  34  2:59  Drone  
  34  3:05  Drone  
  36  3:17  Drone x5  
  41  3:20  Queen  
  41  3:26  Overlord  
  41  3:27  Overlord  
  43  3:32  Queen  
  45  3:35  Drone  
  45  3:37  Drone  
  47  3:42  Drone x2  
  47  3:46  Drone  
  47  3:47  Drone  
  51  3:50  Drone  
  51  3:54  Zergling x2  
  51  3:55  Zergling x2  
  54  3:56  Drone x2  
  54  3:58  Drone x2  
  54  3:59  Drone  
  59  4:05  Queen, Evolution Chamber  
  59  4:09  Drone x2  
  62  4:13  Overlord, Extractor  
  61  4:26  Overlord  
  61  4:30  Queen  
  61  4:31  Zerg Ground Armor Level 1, Drone  
  63  4:32  Drone x2  
  63  4:37  Overlord  
  66  4:41  Baneling Nest  
  66  4:44  Drone  
  66  4:45  Drone  
  66  4:46  Drone x7  
  66  4:51  Lair  
  73  4:53  Overlord  
  73  4:54  Extractor  
  73  4:56  Extractor  
  73  4:58  Drone x3  
  74  5:01  Overlord  
  74  5:02  Drone  
  74  5:03  Drone  
  76  5:09  Drone x2  
  76  5:10  Zergling x4  
  76  5:13  Zergling x2  
  81  5:19  Hatchery  
  80  5:22  Zergling x2  
  80  5:23  Zergling x6  
  80  5:25  Baneling x2  
  80  5:26  Baneling x5  
  80  5:27  Zergling x6  
  87  5:29  Baneling x2  
  87  5:30  Zergling x2  
  88  5:37  Queen  
  87  5:45  Zergling x4  
  87  5:48  Baneling x4  
  87  5:49  Overlord  
  87  5:52  Overlord  
  87  5:55  Overlord  
  87  5:56  Queen x2  
  85  6:02  Drone x2  
  89  6:06  Evolution Chamber  
  89  6:09  Zergling x2  
  89  6:10  Zergling x8  
  93  6:11  Centrifical Hooks  
  93  6:21  Drone x4  
  93  6:25  Zerg Melee Weapons Level 1  
  97  6:29  Overlord  
  96  6:33  Drone x3  
  96  6:35  Drone  
  96  6:36  Extractor  
  96  6:37  Overlord, Drone  
  96  6:38  Spore Crawler  
  99  6:40  Drone  
  99  6:41  Overseer  
  99  6:42  Zergling x6  
  99  6:44  Spore Crawler, Baneling x2  
  101  6:55  Zerg Ground Armor Level 2  
  97  7:05  Zergling x22  
  97  7:06  Baneling x7  
  100  7:22  Hatchery  
  100  7:26  Hatchery, Drone  
  100  7:27  Drone  
  100  7:28  Hydralisk Den  
  100  7:29  Drone x6  
  105  7:31  Extractor  
  105  7:35  Extractor  
  103  7:39  Zergling x2  
  103  7:40  Zergling x14  
  110  7:52  Spore Crawler  
  110  7:55  Zergling x10  
  114  8:00  Grooved Spines  
  114  8:07  Hydralisk x4  
  114  8:09  Hydralisk x3  
  114  8:11  Overlord  
  128  8:14  Overlord  
  128  8:17  Baneling x11  
  128  8:18  Overlord  
  128  8:21  Overlord  
  128  8:23  Overlord  
  128  8:33  Zergling x12  
  134  8:38  Queen  
  126  8:50  Baneling x9  
  126  8:51  Hydralisk x5  
  132  9:09  Drone  
  131  9:10  Drone x6  
  131  9:14  Zergling x20  
  131  9:15  Zergling x8  
  146  9:17  Muscular Augments  
  146  9:20  Zerg Melee Weapons Level 2  
  146  9:28  Infestation Pit  
  145  9:33  Zergling x16  
  153  9:44  Baneling x17  
  153  9:45  Extractor  
  146  9:53  Baneling x12  
  122  10:08  Zergling x12  
  122  10:09  Zergling x24  
  137  10:14  Zerg Missile Weapons Level 1  
  137  10:19  Zergling x16  
  144  10:25  Zergling x2  
  144  10:26  Zergling x12  
  146  10:42  Zergling x16  
  136  10:43  Zergling x10  
  141  10:52  Zergling x12  
  141  10:54  Baneling x13  
  141  10:55  Baneling  
  147  10:58  Baneling  
  147  10:59  Baneling  
  147  11:00  Baneling x5  
  147  11:01  Zergling x8  
  149  11:08  Zergling x10  
  144  11:18  Zergling x14  
  121  11:40  Zergling x14, Baneling x2  
  121  11:42  Baneling x3  
  121  11:44  Baneling x2  
  121  11:46  Hatchery  
  121  11:56  Zergling x16  
  123  12:04  Zergling x12  
Show
View Real Time Build Order
Export as new Build Order

LiquidClem Terran - Winner!

Build Orders: Reaper Expand 

Get SALT Encoding   

  12  0:00  SCV  
  13  0:12  SCV  
  14  0:17  Supply Depot  
  14  0:24  SCV  
  15  0:38  SCV  
  15  0:41  Barracks  
  16  0:43  Refinery  
  16  0:50  SCV  
  17  1:03  SCV  
  18  1:15  SCV  
  19  1:28  Orbital Command, Reaper  
  20  1:39  Command Center  
  20  1:47  Supply Depot  
  20  1:54  SCV  
  20  1:59  Marine  
  22  2:06  SCV  
  23  2:11  Factory  
  23  2:18  SCV  
  23  2:19  Barracks Reactor  
  24  2:30  SCV  
  25  2:40  Command Center  
  25  2:42  SCV  
  26  2:51  Orbital Command  
  26  2:55  SCV  
  27  2:58  Barracks  
  27  3:02  Barracks Tech Lab  
  27  3:07  SCV  
  27  3:10  Hellion  
  30  3:13  Hellion  
  30  3:19  SCV  
  33  3:21  SCV, Refinery  
  33  3:24  Marine  
  35  3:27  Stimpack  
  35  3:31  SCV  
  35  3:33  SCV  
  37  3:42  Marine  
  37  3:43  SCV  
  37  3:45  SCV  
  37  3:47  Starport  
  40  3:51  Marine  
  40  3:52  Marine  
  40  3:54  Factory Reactor  
  42  3:56  Orbital Command, SCV  
  42  3:58  SCV  
  42  4:01  Marine  
  45  4:04  Supply Depot  
  45  4:08  SCV  
  45  4:09  Marine  
  47  4:10  Marine  
  47  4:12  SCV  
  49  4:18  Marine  
  49  4:20  SCV  
  49  4:23  SCV  
  52  4:24  SCV  
  52  4:25  Medivac  
  52  4:26  Supply Depot  
  52  4:27  Marine x2  
  52  4:30  Armory  
  57  4:33  Hellion  
  57  4:35  Hellion  
  57  4:37  SCV, Marine  
  63  4:39  SCV  
  63  4:40  SCV  
  63  4:45  Marine  
  66  4:46  Marine  
  66  4:49  Supply Depot  
  66  4:51  Barracks, Orbital Command  
  67  4:54  SCV x2  
  67  4:55  Marine  
  67  4:56  Refinery  
  67  4:59  Hellion  
  72  5:01  Hellion  
  72  5:02  Marine  
  72  5:03  Medivac  
  77  5:09  Refinery  
  77  5:11  SCV x2  
  77  5:13  Supply Depot, Marine  
  80  5:16  Combat Shield  
  80  5:17  Marine  
  81  5:23  Hellion x2  
  81  5:26  Supply Depot  
  85  5:34  SCV x3, Marine  
  88  5:36  Marine  
  88  5:41  Marine  
  89  5:43  Medivac  
  89  5:44  Barracks Reactor  
  89  5:46  SCV x2  
  89  5:48  Engineering Bay x2  
  88  5:52  Marine  
  88  5:54  Marine  
  88  5:55  Widow Mine x2, SCV  
  92  5:58  SCV  
  92  5:59  SCV, Marine  
  92  6:04  Supply Depot  
  95  6:07  SCV  
  95  6:09  Marine  
  95  6:10  SCV  
  98  6:15  SCV  
  98  6:17  Supply Depot  
  98  6:18  Supply Depot, Marine  
  99  6:19  Marine  
  99  6:22  Factory Tech Lab  
  99  6:25  Supply Depot, SCV x2  
  103  6:26  Terran Infantry Weapons Level 1  
  103  6:27  Supply Depot  
  103  6:28  Terran Infantry Armor Level 1  
  103  6:29  SCV  
  103  6:30  Marine  
  105  6:34  Marine  
  105  6:35  Marine  
  105  6:36  Marine  
  105  6:37  SCV  
  105  6:39  Medivac  
  111  6:42  SCV  
  111  6:43  Barracks, SCV  
  111  6:46  Barracks  
  113  6:48  Marine  
  113  6:50  Marine  
  113  6:52  Marine x2  
  115  6:54  Marine  
  112  7:05  Medivac  
  112  7:06  Widow Mine, Marine  
  113  7:10  SCV, Marine x2  
  113  7:11  Marine  
  113  7:12  Medivac, Command Center, Marine  
  113  7:13  SCV  
  117  7:17  SCV  
  117  7:21  Factory  
  115  7:24  Refinery, Marine  
  115  7:25  SCV  
  115  7:27  Marine  
  115  7:28  Missile Turret, Marine  
  115  7:29  Marine  
  120  7:30  Missile Turret, Marine  
  120  7:31  Barracks Reactor  
  120  7:32  SCV x2  
  120  7:34  Barracks Reactor  
  120  7:35  Siege Tank  
  126  7:38  Supply Depot, SCV  
  126  7:39  Medivac  
  126  7:42  Medivac, Marine  
  132  7:45  Marine  
  132  7:46  Marine  
  132  7:47  Marine  
  135  7:54  Marine  
  135  7:57  Supply Depot  
  135  7:58  Supply Depot  
  136  7:59  Supply Depot  
  136  8:00  Marine  
  136  8:01  SCV x3  
  136  8:03  Marine  
  136  8:05  Factory Tech Lab  
  141  8:07  Siege Tank  
  141  8:09  Marine  
  141  8:10  Supply Depot  
  141  8:11  Marine x2  
  147  8:13  Marine  
  147  8:18  SCV  
  147  8:19  SCV, Marine x2  
  151  8:21  Terran Infantry Weapons Level 2  
  151  8:24  Terran Infantry Armor Level 2  
  151  8:25  SCV  
  153  8:28  Marine x2  
  153  8:31  Siege Tank  
  153  8:32  Medivac x2  
  162  8:34  Marine  
  162  8:35  SCV  
  162  8:36  SCV  
  162  8:37  Marine x2  
  165  8:45  SCV  
  165  8:46  Marine  
  161  8:50  SCV  
  161  8:51  Planetary Fortress  
  161  8:53  Siege Tank  
  161  8:54  Marine x6  
  161  8:55  Marine  
  172  9:00  Supply Depot  
  172  9:01  SCV  
  170  9:05  Supply Depot, Siege Tank, Marine x2  
  170  9:08  SCV  
  176  9:11  SCV  
  176  9:12  Marine x4  
  176  9:13  Marine  
  180  9:21  Marine x2  
  180  9:22  Terran Vehicle Weapons Level 1  
  180  9:23  SCV x2, Marine x2  
  186  9:27  Supply Depot  
  186  9:30  Supply Depot x2  
  186  9:31  Refinery  
  186  9:34  Siege Tank, Refinery  
  186  9:37  Marine x3  
  192  9:40  Siege Tank  
  187  9:45  Marine  
  187  9:46  Marine  
  187  9:49  Medivac, Marine  
  187  9:50  Marine x3  
  188  9:54  Marine x2  
  188  9:57  Marine  
  188  9:58  Medivac  
  190  10:00  SCV  
  190  10:03  Marine x2  
  190  10:06  Siege Tank  
  163  10:07  Marine x2  
  163  10:08  Marine x2  
  163  10:09  SCV  
  163  10:12  Barracks  
  163  10:13  Barracks  
  161  10:15  Barracks, Siege Tank, Marine x2  
  166  10:21  Command Center  
  166  10:27  Marine x3  
  166  10:28  Marine x3  
  172  10:38  Siege Tank  
  159  10:43  Liberator x2, Marine x3  
  159  10:45  Marine x3  
  171  10:52  Marine x3  
  171  10:55  SCV x2  
  171  10:56  Refinery, SCV  
  177  11:01  Marine x3  
  177  11:03  Siege Tank, Marine  
  184  11:04  Marine  
  184  11:08  Barracks Tech Lab x2, Marine x2  
  184  11:10  Marine  
  179  11:18  Siege Tank  
  182  11:19  Marauder, Command Center, Marine x2  
  182  11:20  Marine x2  
  188  11:28  Marine x3  
  188  11:29  Marine  
  176  11:35  Siege Tank  
  176  11:37  Marine x3  
  168  11:40  Marauder, Marine x2  
  168  11:41  Marauder, Marine  
  168  11:45  Marine  
  176  11:50  Siege Tank  
  176  11:53  Marine  
  171  11:54  Marine  
  171  11:56  Marauder, Marine x3  
  171  11:58  Marine x3  
  171  12:00  Concussive Shells  
  175  12:01  Marine  
  175  12:05  Marauder, Marine  
  175  12:07  Siege Tank  
  182  12:11  Marine  
  182  12:12  Marine  
  182  12:13  Marine x2  
  182  12:14  Marine  
  177  12:17  Marauder  
  177  12:19  Marine  
  177  12:20  Marine x2  
  177  12:21  Marine  
  185  12:23  Marine  
Tags
 
Add a new tag
Caveats
  • Supply blocks, unpowered buildings, or Contaminate may cause inaccurate times.
  • Supply counts are checked every 10 seconds.